[Event "13th Dolomiti-Forni di Sopra-A 2022"]
[Site "Forni di Sopra"]
[Date "2022.06.17"]
[Round "7.2"]
[White "Dardha, Daniel"]
[Black "Moroni, Luca Jr"]
[Result "1-0"]
[ECO "E60"]
[WhiteElo "2561"]
[BlackElo "2581"]
[Annotator "TA"]
[PlyCount "75"]
[EventDate "2022.06.13"]
[EventType "swiss"]
[EventCountry "ITA"]
[SourceTitle "playchess.com"]
[Source "ChessBase"]
[SourceQuality "1"]
[TimeControl "40/5400+30:1800+30"]

1. c4 Nf6 2. d4 g6 3. h4 Nc6 4. Nc3 Bg7 5. d5 Ne5 6. e4 {[%emt 0:00:07] E60: King's Indian: Unusual lines and Fianchetto Variation without Nc3.} d6 7. Be2 c6 {[%emt 0:02:57] [#]} 8. h5 $146 {[%emt 0:01:57] The position is equal.} (8. Nf3 $5 ) ({Predecessor:} 8. Nh3 Bxh3 9. Rxh3 h5 10. Kf1 Rc8 11. Qb3 Qc7 12. Bf4 O-O 13. g3 cxd5 14. cxd5 {0-1 (71) Atakhan,A (2294)-Darini,P (2432) Teheran 2021}) 8... Nxh5 9. Nf3 Nxf3+ (9... cxd5 {looks sharper.} 10. Nxe5 Bxe5 11. Nxd5 e6) 10. Bxf3 Qb6 (10... cxd5 {keeps more tension.} 11. Bxh5 d4 12. Nd5 e6) 11. Bxh5 gxh5 12. Rxh5 Bd7 13. Qb3 c5 (13... Bd4 $11) 14. Bf4 Qxb3 15. axb3 Bxc3+ 16. bxc3 f6 17. Kd2 {[%emt 0:01:35] White is more active.} O-O 18. g4 Rf7 19. f3 a5 20. Ke3 Rg7 21. Rh2 Kf7 22. b4 {[%emt 0:03:08] Strongly threatening bxc5.} b6 23. Rha2 Rgg8 24. bxc5 bxc5 25. Rxa5 Rxa5 26. Rxa5 $16 {[%emt 0:00:06][%mdl 4096] Endgame KRB-KRB} Rb8 {[%emt 0:00:33] [#] This costs Black the game.} (26... Bc8 $16 27. Ra7 Rd8) 27. Rxc5 $1 $18 ({Much less strong is} 27. Ra7 $6 Ke8 28. Ra2 Kf7) 27... Rb3 28. Rc7 Rxc3+ $2 (28... Ke8 {was called for.} 29. Kd3 Ra3) 29. Kd4 Rxf3 30. Bxd6 ({Worse is} 30. Rxd7 Rxf4 31. c5 dxc5+ 32. Ke3 Rxg4 $15) 30... Ke8 {[%emt 0:00:02] [#]} 31. Bb4 {[%emt 0:00:14] Threatens to win with c5.} Rf4 (31... Rb3 $142) 32. c5 {[%emt 0:00:51][%cal Bc4c5,Bc5c6][%mdl 32] Threatening mate with c6.} e5+ 33. Ke3 {[%emt 0:06:16] White threatens c6 and mate.} Bxg4 34. c6 Rf3+ 35. Kd2 Rb3 36. Bd6 {[%emt 0:01:09] White mates.} Rg3 37. Re7+ Kf8 38. Rxe5+ {[%emt 0:00:11] Weighted Error Value: White=0.05 (flawless) /Black=0.56} 1-0

[Event "13th Dolomiti-Forni di Sopra-A 2022"]
[Site "Forni di Sopra"]
[Date "2022.06.17"]
[Round "7.3"]
[White "Harshavardhan G B"]
[Black "Prraneeth Vuppala"]
[Result "1/2-1/2"]
[ECO "E04"]
[WhiteElo "2367"]
[BlackElo "2447"]
[Annotator "TA"]
[PlyCount "87"]
[EventDate "2022.06.13"]
[EventType "swiss"]
[EventCountry "ITA"]
[SourceTitle "playchess.com"]
[Source "ChessBase"]
[SourceQuality "1"]
[TimeControl "40/5400+30:1800+30"]

1. d4 Nf6 2. c4 e6 3. g3 d5 4. Bg2 dxc4 5. Nf3 c5 6. O-O Nc6 7. dxc5 Qxd1 8. Rxd1 Bxc5 9. Nbd2 c3 10. bxc3 O-O 11. Nb3 Be7 {[%emt 0:00:20] E04: Open Catalan: 5 Nf3.} 12. Nfd4 Nxd4 13. cxd4 Nd5 14. Bd2 f5 15. Rac1 b6 16. f3 {[%emt 0:00:48] 16.Bf4 is the modern continuation.} Ba3 {[%emt 0:22:36] [#]} 17. Rc2 $146 ({Predecessor:} 17. Rb1 Bb7 18. e4 Nf6 19. Na5 Ba6 20. Rb3 Bd6 21. e5 bxa5 22. exd6 Rfd8 23. Bf4 Ne8 24. Rc1 Nxd6 25. Rc6 {1-0 (25) Zaragatski,I (2488)-Colpe,M (2351) Hamburg 2014}) 17... Bb7 18. e4 Nf6 19. Bf4 fxe4 20. fxe4 Bxe4 (20... Nxe4 $2 21. Re1 $18) 21. Bxe4 Nxe4 22. Re1 Nf6 23. Rxe6 Rac8 24. Rec6 Rxc6 25. Rxc6 Nd5 26. Bd6 Bxd6 27. Rxd6 $11 {[%emt 0:00:06][%mdl 4096] Endgame KRN-KRN} Ne3 {[%emt 0:15:34][%csl Ge3][%cal Rf8f1] [#]} 28. Nd2 {[%emt 0:00:30] Against Rf1+} Rc8 29. Kf2 Nd1+ 30. Kf3 Nc3 31. Rd7 a5 32. d5 Nxa2 33. Ne4 Nb4 34. Ng5 (34. d6 $11 {was preferrable.}) 34... a4 (34... Re8 $15) 35. Ne6 {[%emt 0:06:20] The position is equal.} Nxd5 36. Rxd5 {[%emt 0:00:36] KRN-KR} a3 37. Rd1 b5 38. Nd4 b4 {[%emt 0:00:34] [#] Threatens to win with ...Rd8.} 39. Ke4 Rc3 40. Ra1 h5 41. Rb1 a2 42. Ra1 b3 43. Nxb3 Rxb3 44. Rxa2 {[%emt 0:00:00] Weighted Error Value: White=0.05 (flawless) /Black=0.03 (flawless)} 1/2-1/2

[Event "13th Dolomiti-Forni di Sopra-A 2022"]
[Site "Forni di Sopra"]
[Date "2022.06.17"]
[Round "7.4"]
[White "Bellia, Fabrizio"]
[Black "Korneev, Oleg"]
[Result "1/2-1/2"]
[ECO "C67"]
[WhiteElo "2418"]
[BlackElo "2521"]
[Annotator "TA"]
[PlyCount "43"]
[EventDate "2022.06.13"]
[EventType "swiss"]
[EventCountry "ITA"]
[SourceTitle "playchess.com"]
[Source "ChessBase"]
[SourceQuality "1"]
[TimeControl "40/5400+30:1800+30"]

1. e4 e5 2. Nf3 Nc6 3. Bb5 Nf6 4. O-O Nxe4 5. Re1 Nd6 6. Nxe5 Be7 7. Bf1 Nf5 {[%emt 0:01:45] C67: Ruy Lopez: Berlin Defence: 4 0-0 Nxe4.} 8. Nf3 O-O 9. d4 d5 {[%emt 0:00:39] White is slightly better.} 10. Bf4 g5 11. Bc1 {[%emt 0:04:09] [#]} Kh8 $146 ({Predecessor:} 11... g4 12. Ne5 Nxe5 13. dxe5 h5 14. Nc3 Be6 15. Bd3 Ng7 16. Ne2 c5 17. c3 Qb6 {½-½ (23) Tomczak,J (2589)-Krasenkow,M (2628) Warsaw 2018}) 12. c3 f6 13. g3 Bd6 14. b3 Nce7 15. Ba3 Ng6 16. Bg2 c6 {[%emt 0:00:29] The position is equal.} 17. Nfd2 a5 18. Bxd6 Qxd6 19. a4 Bd7 20. Na3 Rae8 21. Nc2 Kg7 22. c4 {[%emt 0:03:24] Weighted Error Value: White=0.07 (flawless) /Black=0.07 (flawless)} 1/2-1/2

[Event "13th Dolomiti-Forni di Sopra-A 2022"]
[Site "Forni di Sopra"]
[Date "2022.06.17"]
[Round "7.5"]
[White "Vezzosi, Paolo"]
[Black "Cappelletto, Joshuaede"]
[Result "1/2-1/2"]
[ECO "A48"]
[WhiteElo "2225"]
[BlackElo "2276"]
[Annotator "TA"]
[PlyCount "90"]
[EventDate "2022.06.13"]
[EventType "swiss"]
[EventCountry "ITA"]
[SourceTitle "playchess.com"]
[Source "ChessBase"]
[SourceQuality "1"]
[TimeControl "40/5400+30:1800+30"]

1. d4 Nf6 2. Nf3 g6 3. Bg5 Bg7 4. Nbd2 O-O 5. c3 d6 6. e4 c5 7. dxc5 dxc5 8. Bc4 {[%emt 0:00:14] A48: 1 d4 Nf6 2 Nf3 g6: Torre, London and Colle Systems.} Qc7 9. O-O h6 10. Bh4 {[%emt 0:00:45] The position is equal.} (10. Bxf6 $5 exf6 11. Bd5 $11) 10... Nh5 11. Re1 Nc6 12. a4 {[%emt 0:00:57] [#]} b6 $146 (12... g5 $5 13. Bg3 Nxg3 14. hxg3 Rd8 $11) ({Predecessor:} 12... Bg4 13. Qc2 Rad8 14. Bg3 Nxg3 15. hxg3 Na5 16. Ba2 c4 17. Nf1 Rd3 18. Ne3 Be6 19. Red1 Rxe3 20. fxe3 {1-0 (53) Drazic,S (2411)-Omorjan,D (2271) Novi Sad 2018}) 13. Qc2 Bb7 14. Nf1 Rad8 15. Ne3 g5 16. Bg3 Nxg3 17. hxg3 e6 {[%emt 0:00:05] Inhibits Nd5.} 18. Rad1 Ne5 19. Ba2 Ng6 20. Bb1 Bc6 21. Nc4 a6 22. Qb3 (22. e5 $15) 22... b5 23. axb5 axb5 24. Ne3 Qb7 25. Qc2 Qc7 (25... Rfe8 $15) 26. Qe2 (26. Qb3 $11) 26... Rxd1 $15 27. Rxd1 Rd8 28. Rd2 Rb8 29. Qd3 b4 30. c4 Rc8 31. b3 Qe7 32. Kh2 (32. g4 $17) 32... h5 33. g4 Ne5 34. Nxe5 Bxe5+ {[%emt 0:00:03] This bishop pair is nice.} 35. g3 (35. Kg1 $17 {is a better defense.} h4 36. Ra2) 35... h4 $19 36. Nf1 Kg7 37. Kg1 Rh8 38. Bc2 (38. Ra2 $142) 38... Qf6 39. Bd1 Qg6 (39... Bc3 $142 40. Ra2 Rd8) 40. Bf3 Qh6 (40... Ra8 $19 {is more deadly. Threatens to win with ...Qf6.} 41. Qe3 Ra5) 41. Bg2 $2 {[%emt 0:24:34] Loses the game.} (41. Qe3 $17) 41... Ra8 ({But not} 41... hxg3 $2 42. Nxg3 Qh4 43. Ra2 $19) 42. Qe3 Ra5 43. Bf3 Qf6 44. Rd3 Ra2 {[%emt 0:04:05] Against Qe2. And now ...Bd4 would win.} 45. Qxc5 {[%emt 0:00:00] [#]} Ba8 $2 {[%emt 0:01:06] Weighted Error Value: White=0.27 (precise) /Black=0.15 (very precise)} (45... hxg3 $1 $19 46. fxg3 {[#]} (46. Qxc6 $2 Bd4 $19) 46... Rb2 $1) 1/2-1/2

[Event "13th Dolomiti-Forni di Sopra-A 2022"]
[Site "Forni di Sopra"]
[Date "2022.06.17"]
[Round "7.6"]
[White "Goh, Zi Han"]
[Black "Karttunen, Mika"]
[Result "0-1"]
[ECO "E01"]
[WhiteElo "2087"]
[BlackElo "2488"]
[Annotator "TA"]
[PlyCount "116"]
[EventDate "2022.06.13"]
[EventType "swiss"]
[EventCountry "ITA"]
[SourceTitle "playchess.com"]
[Source "ChessBase"]
[SourceQuality "1"]
[TimeControl "40/5400+30:1800+30"]

1. d4 Nf6 2. c4 e6 3. Nf3 d5 4. g3 Bb4+ 5. Bd2 Bd6 6. Bg2 {[%emt 0:08:32] E01: Catalan: Early deviations.} O-O 7. O-O c6 8. Nc3 {[%emt 0:03:55] The position is equal. 8.Bc3 is the modern continuation.} Ne4 9. Nxe4 dxe4 10. Ne1 f5 $1 {[%emt 0:00:34][%cal Bf7f5,Bf5f4,Bf4g3][%mdl 32] [#]} 11. f3 $146 ({Predecessor:} 11. Bf4 Bxf4 12. gxf4 Qh4 13. f3 Rf6 14. fxe4 fxe4 15. Bxe4 Rh6 16. Rf2 Nd7 17. e3 {1-0 (56) Exler,V (2122)-Unuk,L (2363) Austria 2017}) 11... e5 12. Bc3 exd4 13. Qxd4 Qe7 14. Kh1 (14. fxe4 $2 Bc5 15. Nd3 Bxd4+ $19) 14... Bc5 15. Qd2 f4 16. fxe4 Be3 $1 17. Qc2 Be6 (17... fxg3 $11 18. Rxf8+ Qxf8) 18. Nd3 $16 fxg3 19. Rxf8+ (19. hxg3 Qg5 20. Rxf8+ Kxf8 21. Rf1+ Kg8 $17) 19... Qxf8 20. Rf1 $1 (20. hxg3 $2 g5 21. Nf2 Bxf2 $19) 20... Qe7 21. Rf3 (21. hxg3 Qg5 22. Nf2 (22. Nf4 $2 Qh6+ 23. Nh3 Bxh3 $19) 22... Qxg3 $17) 21... Qh4 $2 22. Rxg3 $18 Bh6 23. Nc5 Bf7 (23... Bc8 {keeps fighting.} 24. Qd1 Qe7) 24. Qd3 (24. Nxb7 Bg6 25. Qd3 Na6 $18) 24... Na6 25. Qd4 (25. Nxb7 $18 Bg6 26. Qd7) 25... Bg6 $2 (25... Rd8 $1 $14 26. Nd7 (26. Rxg7+ Kf8 $17) 26... Bg6) 26. Nxa6 $2 (26. Nxb7 $18 {is the precise move to win. Nd6 is the strong threat.} Rf8 27. Nd6) 26... Rd8 $16 {[%emt 0:00:18] [#]} 27. Qg1 {[%emt 0:00:34] Hoping for Nc5.} bxa6 28. Rd3 Rf8 29. Qd4 Qg4 (29... Qe7 $1 $14) 30. Bf3 Qh3 31. Qg1 (31. Qxa7 $2 Bxe4 $1 32. Qf2 (32. Bxe4 $2 Rf1+ 33. Qg1 Rxg1+ 34. Kxg1 Be3+ 35. Rxe3 Qxe3+ 36. Kg2 Qxe4+ $19) 32... Bxd3 $19) (31. Kg1 $142) 31... Bf4 32. Qg2 Qe6 33. b3 Bc7 34. Qg5 (34. Rd1 $16) 34... h6 $14 ({Don't take} 34... Qh3 35. Qg2 Qe6 36. Rd1 $16) 35. Qg2 Rf4 $1 36. Kg1 Rh4 37. h3 h5 {[%emt 0:00:00] Inhibits Bg4.} 38. Qf2 (38. Kf1 $14 {should be considered.}) 38... Qxh3 $11 39. Qd4 {[%emt 0:00:12] [#]} (39. Qg2 $11 Bb6+ 40. Kf1 Qxg2+ 41. Kxg2 Bxe4 42. Rd6) 39... Bh2+ (39... Bb6 $2 40. c5 Qg3+ 41. Bg2 (41. Kf1 Bf5 $18) 41... Qh2+ 42. Kf1 Rf4+ 43. Rf3 Rxf3+ 44. exf3 $18) ({Black should try} 39... Rg4+ $1 $15 40. Bxg4 Qxg4+ 41. Kf1 Bxe4) 40. Kf2 Qg3+ (40... Bg3+ $1 $11 41. Kg1 Bh2+ 42. Kf2 Bg3+ 43. Kg1 Bh2+) 41. Kf1 $14 Bf5 {[%emt 0:09:03] ( -> ...Bh3+)} 42. Qf2 $1 Bh3+ 43. Ke1 $1 Be6 44. e3 $2 {[%emt 0:00:00][%mdl 8192] [#]} (44. Rd8+ $16 {stays on course.} Kh7 45. Qxg3 Bxg3+ 46. Kd1) 44... Qg5 $1 $36 {[%emt 0:01:41][%mdl 2048] White is under strong pressure.} 45. Kd1 Bg3 (45... Rh3 $19 46. Kc2 Bc7) 46. Qg1 $17 Rh2 {[%emt 0:01:09] Threatens to win with ...Rf2. Black is more active.} 47. Rd6 $2 {[%emt 0:00:00][%mdl 8192] [#]} (47. Rd2 $17 Rxd2+ 48. Kxd2) 47... Bh3 $2 (47... Rf2 $1 $19 48. Rd3 Rxf3) 48. Be1 $2 (48. Rd2 $17 Rxd2+ 49. Kxd2) 48... h4 49. Rd2 Rxd2+ 50. Bxd2 Bg4 51. Qg2 Bxf3+ 52. Qxf3 $19 {[%emt 0:00:01][%mdl 4096] Endgame KQB-KQB} h3 53. Ke2 h2 54. Bb4 {[%emt 0:00:59] [#]} Qf6 $1 {[%emt 0:03:01] And now ...Qb2+ would win.} 55. Qh5 (55. e5 Qxf3+) 55... Qf2+ {[%emt 0:00:23] Black mates.} 56. Kd3 Qf1+ 57. Kd4 h1=Q 58. Qe8+ Kh7 {[%emt 0:00:04] Never resign too early!  Weighted Error Value: White=0.74/Black=0.47} 0-1

[Event "13th Dolomiti-Forni di Sopra-A 2022"]
[Site "Forni di Sopra"]
[Date "2022.06.17"]
[Round "7.7"]
[White "Harshita Guddanti"]
[Black "Podetti, Davide"]
[Result "0-1"]
[ECO "C64"]
[WhiteElo "2208"]
[BlackElo "2238"]
[Annotator "TA"]
[PlyCount "112"]
[EventDate "2022.06.13"]
[EventType "swiss"]
[EventCountry "ITA"]
[SourceTitle "playchess.com"]
[Source "ChessBase"]
[SourceQuality "1"]
[TimeControl "40/5400+30:1800+30"]

1. e4 e5 2. Nf3 Nc6 3. Bb5 a6 4. Ba4 Bc5 5. O-O Nge7 {[%emt 0:03:41] [#]} 6. c3 ({White should play} 6. Nxe5 $1 $16 Nxe5 7. d4) 6... Ba7 {[%emt 0:01:19] C64: Ruy Lopez: Classical Defence (3...Bc5) except 4 0-0 Nf6.} 7. d4 Ng6 8. d5 Nce7 {[%emt 0:03:31] White has an edge.} 9. d6 cxd6 10. Qxd6 {[%emt 0:01:05] [#]} Qb6 $146 ({Predecessor:} 10... Bb8 11. Qd3 O-O 12. c4 b5 13. cxb5 d5 14. exd5 Bf5 15. Qb3 e4 16. Nd4 Qd6 {1-0 (25) Dervishi,E (2511)-Lodici,L (2545) Montesilvano 2022}) 11. Qd1 (11. Qxb6 $14 Bxb6 12. Rd1) 11... Qc7 12. Bb3 O-O 13. h4 Nc6 (13... d6 $11) 14. Ng5 (14. h5 $16 Nf4 15. h6) 14... h6 $11 15. Qh5 Qd6 16. Nh3 ({Better is} 16. Nf3 $1 $11) 16... Nge7 $15 17. a4 (17. Na3 $15) 17... Qf6 (17... Qd3 $17 {And now ...d5 would win.} 18. Re1 d6) 18. Kh2 d6 $36 {[%emt 0:01:32][%cal Bd7d6,Bd6d5,Bd5e4][%mdl 2080] Black has the initiative.} 19. f4 (19. Rd1 $11 {remains equal.}) 19... Be6 (19... exf4 $142 $1 {Strongly threatening ...Ng6.} 20. Bxf4 Ne5) 20. Bxe6 fxe6 (20... Qxe6 21. f5 Qf6 22. Bg5 $1 hxg5 23. hxg5 $14) 21. Na3 (21. Nd2 $17 {is a better defense.}) 21... d5 $19 22. Nc2 dxe4 23. Be3 Bxe3 24. Nxe3 Nf5 25. Ng4 Qxh4 26. Qxh4 Nxh4 27. Rfe1 (27. Rae1 $17 {keeps fighting.}) 27... Rad8 $1 (27... exf4 28. Rxe4 e5 29. Nxe5) 28. b4 Rd2 ({Inferior is} 28... exf4 29. Rxe4 f3 30. Nxh6+ gxh6 31. Rg4+ Kh8 32. Rxh4 $17) 29. Ngf2 g5 (29... exf4 $142 {White must now prevent ...e3.} 30. Rxe4 g5) 30. fxg5 hxg5 (30... Rdxf2 $19 31. Nxf2 Rxf2 32. gxh6 Ne7 33. Rxe4 Nef5 34. h7+ Kh8) 31. Nxe4 $15 Rxg2+ 32. Kh1 g4 33. Nhg5 {[%emt 0:00:04] [#]} Rc2 (33... Rf4 $1 $17 {...Nd8 is the strong threat.} 34. b5 {[#]} Rb2 $1) 34. Rg1 (34. Rac1 $11 Rb2 35. Rb1) 34... Rf4 35. Rae1 {[%emt 0:00:45] White is now going downhill.} (35. Raf1 $15) 35... Nd8 {[%emt 0:00:00] Threatens to win with ...Nf7.} 36. Nc5 $2 (36. Ref1 $17) 36... Rxc3 37. Re4 g3 38. Nh3 g2+ 39. Kh2 Nf3+ 40. Kxg2 Rc2+ 41. Kf1+ Nxg1+ 42. Nxf4 Rc1+ ({Stronger than} 42... exf4 43. Kxg1 Nc6 44. Nxe6 $15) 43. Kf2 (43. Kg2 $142 exf4 44. Rxf4) 43... exf4 $19 44. Nd3 Nh3+ 45. Kg2 Rc2+ 46. Kxh3 {[%emt 0:00:00][%mdl 4096] Endgame KRN-KRN} Rc3 47. Rd4 Nc6 48. Rd6 Ne5 49. Rxe6 Rxd3+ {[%emt 0:00:00] KRN-KR. Black mates.} 50. Kg2 Rg3+ 51. Kf1 Ng4 52. b5 axb5 53. axb5 f3 54. Re8+ Kf7 55. Rb8 Rg2 56. Rxb7+ Ke6 {[%emt 0:00:00] Weighted Error Value: White=0.65/Black=0.26 (precise)} 0-1

[Event "13th Dolomiti-Forni di Sopra-A 2022"]
[Site "Forni di Sopra"]
[Date "2022.06.17"]
[Round "7.8"]
[White "Ceres, Dragos"]
[Black "Vezzani, Stefano"]
[Result "1-0"]
[ECO "C10"]
[WhiteElo "2380"]
[BlackElo "2135"]
[Annotator "TA"]
[PlyCount "109"]
[EventDate "2022.06.13"]
[EventType "swiss"]
[EventCountry "ITA"]
[SourceTitle "playchess.com"]
[Source "ChessBase"]
[SourceQuality "1"]
[TimeControl "40/5400+30:1800+30"]

1. e4 e6 2. d4 d5 3. Nd2 dxe4 4. Nxe4 Bd7 5. Nf3 Bc6 6. Bd3 Nd7 7. c3 Ngf6 8. Nxf6+ Nxf6 9. O-O Bxf3 {[%emt 0:00:09] C10: French with 3 Nc3: Unusual Black 3rd moves and 3...dxe4.} 10. Qxf3 (10. gxf3 Qd5 $11) 10... Qd5 11. Qd1 {[%emt 0:10:08] [#]} Be7 $146 {[%emt 0:05:19] White is slightly better.} ({Predecessor:} 11... Bd6 12. Re1 O-O 13. b4 Rfd8 14. Bb2 c6 15. a4 Qg5 16. g3 a5 17. b5 c5 {½-½ (51) Durarbayli,V (2625)-Sklyarov,D (2480) Krasnaya Polyana 2021}) 12. Be3 O-O 13. c4 Qd8 14. Qb3 (14. Rb1 $14) 14... Qc8 (14... Ng4 {looks sharper.} 15. Be4 c5 16. d5 Qd6) 15. Be2 a5 16. Bf3 c6 17. Qc3 Qc7 18. g3 Nd7 19. a3 e5 20. Bg2 exd4 21. Bxd4 Bf6 22. Rad1 Bxd4 23. Rxd4 Nf6 24. Rfd1 Rfd8 25. c5 Rxd4 26. Rxd4 h6 27. h3 a4 (27... Rd8 $11) 28. Rb4 {[%emt 0:07:34] White is more active.} Qe7 29. Qc2 (29. Bf3 $16) 29... Ra5 $11 30. Rxa4 (30. Qd2 {feels hotter.} Rxc5 31. Rxa4 Re5 32. Ra8+) 30... Qxc5 (30... Rxa4 $11 {keeps the balance.} 31. Qxa4 Qe1+ 32. Bf1 Ne4) 31. Qxc5 $16 Rxc5 $11 {[%emt 0:00:05][%mdl 4096] Endgame KRB-KRN} 32. Ra8+ Kh7 33. Rb8 Rc1+ 34. Bf1 b5 35. Kg2 g6 {[%emt 0:03:51] [#] White leaves nothing to chance now.} (35... Rd1 $14) 36. Rc8 $1 $16 {[%emt 0:03:20] aiming for Bxb5.} Rc2 37. Bxb5 $1 Rxb2 38. Bxc6 (38. Rxc6 Ne4 39. Bc4 Rxf2+ 40. Kg1 Rf3 $11) 38... Kg7 39. a4 Ng8 40. Re8 Rc2 41. Bf3 Ra2 42. Ra8 Nf6 (42... Ne7 $142 43. a5 Nf5) 43. Ra7 Ra3 44. a5 h5 45. a6 {[%emt 0:00:00] And now Be2 would win.} g5 $2 (45... h4 {was called for.} 46. g4 (46. gxh4 Nh5 $18) 46... g5) 46. Be2 $18 h4 47. Bc4 hxg3 48. fxg3 ({Less strong is} 48. Rxf7+ Kg6 49. Re7 (49. fxg3 Rxa6 50. Re7 Rd6 $16) 49... gxf2 $18) 48... Ne4 49. Rxf7+ Kg6 50. Re7 Nxg3 51. a7 {[%emt 0:00:00] White threatens Re6+ and mate.} Kh5 {[%emt 0:00:00] [#]} 52. Bd3 $1 Kh4 (52... g4 53. Rh7+) 53. Rh7+ Nh5 54. Be2 {[%emt 0:00:00][%csl Ge2][%cal Rh7h5] Against g4} Rg3+ 55. Kf2 {[%emt 0:00:00] Weighted Error Value: White=0.11 (very precise) /Black=0.46} 1-0

[Event "13th Dolomiti-Forni di Sopra-A 2022"]
[Site "Forni di Sopra"]
[Date "2022.06.17"]
[Round "7.9"]
[White "Ceschia, Ivano"]
[Black "Higatsberger, Michael"]
[Result "1-0"]
[ECO "A07"]
[WhiteElo "2252"]
[BlackElo "2046"]
[Annotator "TA"]
[PlyCount "115"]
[EventDate "2022.06.13"]
[EventType "swiss"]
[EventCountry "ITA"]
[SourceTitle "playchess.com"]
[Source "ChessBase"]
[SourceQuality "1"]
[TimeControl "40/5400+30:1800+30"]

1. Nf3 d5 2. g3 Nf6 3. Bg2 c6 4. b3 Bg4 5. Bb2 Nbd7 6. O-O e6 7. d3 Bd6 8. Nbd2 O-O 9. h3 Bh5 10. e4 dxe4 {[%emt 0:02:13] has lost popularity (10...e5). A07: Réti Opening: New York and Capablanca Systems.} 11. dxe4 Be5 12. c3 Bc7 {[%emt 0:04:22] The position is equal.} 13. Qe2 {[%emt 0:01:33] [#]} Qb8 $146 ({Predecessor:} 13... Ne5 14. g4 Nxf3+ 15. Bxf3 Bg6 16. Ba3 Re8 17. Rad1 Nd5 18. Nc4 Nxc3 19. Qe3 Nxd1 20. Rxd1 {½-½ (63) Norwood,D (2507)-Collins,S (2299) Birmingham 2002}) 14. Rfe1 e5 15. b4 Rd8 16. Qc4 (16. a4 $142) 16... Nf8 17. Nb3 Bxf3 18. Bxf3 Bb6 19. Rad1 Qc7 20. Bc1 Ne6 21. h4 h6 22. Qe2 Rxd1 23. Rxd1 Rd8 24. Rxd8+ Qxd8 25. Bg2 h5 26. Bh3 {[%emt 0:05:58] Inhibits Ng4.} Ng4 27. Bxg4 hxg4 28. c4 (28. Nd2 $14) 28... Bd4 $11 29. Qxg4 ({Better is} 29. h5 $11) 29... Qb6 $1 $15 30. Nxd4 Qxd4 {[%emt 0:00:23][%mdl 4096] Endgame KQB-KQN} ({Black should try} 30... exd4 $17 31. a3 c5) 31. Be3 $11 Qxc4 32. h5 (32. a3 $11 {remains equal.}) 32... Qxb4 (32... Qxa2 $17 {Strongly threatening ...Qb1+.} 33. h6 Qb1+ 34. Kg2 g6) 33. h6 $1 Qe7 (33... Qb1+ {keeps more tension.} 34. Kg2 a5 35. hxg7 Qxa2 36. Bb6 Qc4) 34. hxg7 Qf6 (34... b6 {seems wilder.} 35. Qf5 f6 36. Qh3 Kxg7 37. Qh6+ Kf7) 35. Bxa7 Qxg7 36. Qf5 Qg5 37. Bb8 Qxf5 38. exf5 {[%emt 0:00:02] KB-KN} Nd4 39. f6 (39. Kg2 $11) 39... Nf3+ (39... Kh7 $1 $17 {...Kg6 is the strong threat.} 40. Kf1 e4) 40. Kf1 Nh2+ 41. Ke2 Ng4 42. Kf3 Nxf6 43. Bxe5 Kg7 {[%emt 0:04:07][%mdl 8192] This costs Black the game.} (43... Nd7 $11 44. Ke4 Kf8) 44. a4 $1 $18 {[%emt 0:00:00][%cal Ba2a4,Ba4a5][%mdl 32] Black must now prevent a5.} Kg6 (44... b6 {was necessary.} 45. Bd4 c5) 45. Bxf6 Kxf6 {[%emt 0:00:00] K3P-K3P} 46. a5 Ke5 47. Ke3 Kd5 48. g4 (48. Kd3 $142 {White wants to mate with g4.} Kc5 49. g4) 48... Kc4 49. f4 Kb3 50. Kd4 Kb4 51. g5 {[%emt 0:00:00] f5 would kill now.} c5+ {[%emt 0:00:00] [#]} (51... Kxa5 52. f5 b5 53. g6 fxg6 54. fxg6 Kb4 55. g7 c5+ 56. Kd3 c4+ 57. Kd4) 52. Ke3 $1 {[%emt 0:00:00] White threatens f5 and mate.} Kb3 {[%emt 0:00:00] [#]} (52... Kxa5 53. f5 c4 54. g6 b6 55. gxf7 Kb5 56. f8=Q c3 57. Qc8) 53. f5 $1 c4 {[%emt 0:00:00] ( -> ...c3)} 54. g6 fxg6 (54... c3 $18 55. gxf7 c2) 55. fxg6 {[%emt 0:00:00] White mates.} c3 56. g7 c2 57. g8=Q+ Kb2 58. Qg7+ {[%emt 0:08:59] Weighted Error Value: White=0.29 (precise) /Black=0.33} 1-0

[Event "13th Dolomiti-Forni di Sopra-A 2022"]
[Site "Forni di Sopra"]
[Date "2022.06.17"]
[Round "7.10"]
[White "Pozzari, Simone"]
[Black "Fiorido, Giuseppe"]
[Result "1-0"]
[ECO "B12"]
[WhiteElo "2184"]
[BlackElo "2002"]
[Annotator "NA RC"]
[PlyCount "97"]
[EventDate "2022.06.13"]
[EventType "swiss"]
[EventCountry "ITA"]
[SourceTitle "playchess.com"]
[Source "ChessBase"]
[SourceQuality "1"]
[TimeControl "40/5400+30:1800+30"]

1. e4 c6 2. d4 d5 3. e5 Bf5 4. Nd2 e6 5. Nb3 Nd7 6. Nf3 Qb6 7. Be3 Rc8 8. Be2 a6 9. O-O Ne7 10. Ne1 h6 11. a4 Bh7 12. f4 Nf5 13. Bf2 Qd8 14. Nf3 c5 15. g4 Nxd4 16. Nbxd4 cxd4 17. Nxd4 Bc5 18. Bd3 Bxd3 19. Qxd3 Bxd4 20. Bxd4 Qh4 21. Qe2 h5 22. g5 Rc4 23. c3 g6 24. Qf3 Qg4+ 25. Qxg4 hxg4 26. Rf2 Rc8 27. Rg2 Nb8 28. Rxg4 Nc6 29. Bb6 Ne7 30. Ra3 Rc6 31. Bf2 Kd7 32. Rh4 Rxh4 33. Bxh4 Rc4 34. Bg3 Nc8 35. Kf2 Kc6 36. Ke2 Nb6 37. a5 Re4+ 38. Kf3 Nc4 39. Ra2 Kb5 40. b3 Nxa5 41. c4+ Kb4 42. Ra4+ Kxb3 43. Rxa5 Rxc4 44. Bf2 Ra4 45. Rxa4 Kxa4 46. h4 Kb5 47. f5 exf5 48. e6 fxe6 49. h5 1-0

[Event "13th Dolomiti-Forni di Sopra-A 2022"]
[Site "Forni di Sopra"]
[Date "2022.06.17"]
[Round "7.12"]
[White "Candian, Lorenzo"]
[Black "Caruso, Augusto"]
[Result "0-1"]
[ECO "C70"]
[WhiteElo "2048"]
[BlackElo "2127"]
[Annotator "NA RC"]
[PlyCount "68"]
[EventDate "2022.06.13"]
[EventType "swiss"]
[EventCountry "ITA"]
[SourceTitle "playchess.com"]
[Source "ChessBase"]
[SourceQuality "1"]
[TimeControl "40/5400+30:1800+30"]

1. e4 e5 2. Nf3 Nc6 3. Bb5 a6 4. Ba4 f5 5. d3 fxe4 6. dxe4 Nf6 7. Bb3 Bc5 8. O-O d6 9. Ng5 Bg4 10. Qe1 Nd4 11. h3 Nxb3 12. axb3 h6 13. hxg4 hxg5 14. b4 Ba7 15. Qe2 Qd7 16. Nc3 Qxg4 17. Qxg4 Nxg4 18. Nd5 Kd7 19. Bxg5 Rh5 20. Be3 Rah8 21. g3 Nxe3 22. fxe3 c6 23. Nc3 Rh1+ 24. Kg2 R8h2+ 25. Kf3 Rxf1+ 26. Rxf1 Rxc2 27. Kg4 Ke6 28. Kg5 Bxe3+ 29. Kg6 Rg2 30. Rf3 Bh6 31. Na4 b5 32. Nb6 Bf4 33. g4 Rxg4+ 34. Kh5 Rg3 0-1